Map: Terrasses de Prion

Players

MightySlayer - Winner!

  • Race: Terran Terran
  • League: Silver
  • Spawn Location: 11:00

zidar

  • Race: Zerg Zerg
  • League: Silver
  • Spawn Location: 5:00

VOD

Have the link to the VOD?

Description

Time

  • Played on: Jan. 16, 2016, 1:49 p.m.
  • Length: 18:38
Show
View Real Time Build Order
Export as new Build Order

MightySlayer Terran - Winner!

Build Orders: Command Center First (CC) 

Get SALT Encoding   

  12  0:01  SCV  
  13  0:13  SCV  
  14  0:21  Supply Depot  
  14  0:30  SCV  
  15  0:43  SCV  
  16  0:55  SCV  
  17  1:01  Command Center  
  17  1:07  SCV  
  18  1:23  Barracks  
  18  1:32  Barracks  
  18  1:38  SCV  
  19  1:50  SCV  
  20  1:59  Refinery  
  20  2:02  Refinery, SCV  
  20  2:06  Supply Depot  
  21  2:12  Marine  
  21  2:14  SCV  
  23  2:26  SCV  
  24  2:30  Marine  
  24  2:33  Orbital Command  
  24  2:35  Marine  
  26  2:38  SCV  
  27  2:51  Supply Depot  
  27  2:56  Orbital Command  
  27  2:59  Marine  
  27  3:00  Marine  
  29  3:13  Engineering Bay  
  29  3:18  Engineering Bay  
  29  3:22  Factory  
  29  3:28  Marine x2  
  29  3:29  SCV  
  29  3:32  SCV  
  33  3:41  SCV  
  34  3:44  SCV  
  34  3:45  Terran Infantry Weapons Level 1  
  35  3:48  Terran Infantry Armor Level 1  
  35  3:50  Marine  
  35  3:52  Marine  
  35  3:55  SCV  
  38  3:57  SCV  
  39  4:06  Factory Tech Lab  
  39  4:10  Factory  
  39  4:21  Supply Depot  
  39  4:22  Supply Depot  
  39  4:25  SCV x2  
  39  4:28  Barracks Tech Lab x2  
  41  4:43  Barracks  
  41  4:45  Barracks  
  41  4:47  Starport  
  41  5:02  Factory Tech Lab  
  41  5:05  Stimpack  
  41  5:06  Combat Shield  
  41  5:10  SCV  
  41  5:11  SCV  
  43  5:20  Marine x2  
  47  5:23  SCV x2  
  47  5:25  Widow Mine, Starport Reactor  
  49  5:35  SCV x2  
  51  5:37  Marine  
  51  5:38  Marine  
  51  5:39  Armory  
  53  5:44  Barracks Tech Lab  
  53  5:46  Marine  
  53  5:47  SCV  
  57  5:53  Widow Mine  
  57  5:55  Marine x2  
  59  6:04  Marine  
  60  6:07  Marine  
  61  6:13  Marine x2  
  63  6:21  Marine, Supply Depot  
  63  6:22  Supply Depot  
  64  6:26  Marauder  
  64  6:31  Marine x2  
  68  6:39  Marine  
  69  6:43  Supply Depot  
  69  6:46  Supply Depot  
  69  6:47  Marauder  
  69  6:49  Marauder x2  
  69  6:53  Command Center  
  75  6:56  SCV x2, Supply Depot x2  
  75  6:57  Marine  
  78  7:06  Refinery  
  78  7:08  Refinery, SCV  
  78  7:09  Marauder, SCV  
  78  7:10  Marine x2  
  78  7:11  Siege Tank  
  89  7:18  Widow Mine, Supply Depot, Medivac x2  
  89  7:20  SCV  
  89  7:21  SCV  
  89  7:22  Supply Depot  
  95  7:27  Barracks Reactor  
  95  7:33  SCV x2  
  97  7:42  Supply Depot  
  99  7:45  SCV x2  
  99  7:47  Marine x2, Marauder, Widow Mine  
  105  7:57  SCV  
  106  8:05  Marauder x2  
  110  8:08  Marine, Siege Tank  
  116  8:13  Refinery  
  116  8:14  Orbital Command  
  116  8:15  Widow Mine  
  116  8:17  SCV x2  
  118  8:26  Marine, Marauder  
  123  8:27  Marauder  
  127  8:44  Marine, Widow Mine  
  127  8:47  Marine, Widow Mine  
  127  8:48  Marauder  
  126  8:58  Marine x2  
  126  9:02  Marauder  
  120  9:06  Marauder  
  120  9:09  Marauder  
  123  9:15  Marine  
  123  9:16  Marine  
  125  9:23  Siege Tank  
  125  9:24  Marauder  
  132  9:27  Marauder  
  132  9:30  Widow Mine  
  132  9:31  Marauder  
  136  9:33  Marine x2  
  138  9:45  Marauder  
  140  9:49  Marauder  
  140  9:51  Marine x2  
  140  9:52  Marauder  
  148  9:55  Siege Tank  
  148  9:58  Widow Mine  
  151  10:06  Marauder  
  153  10:09  Marine x2  
  153  10:10  Marauder  
  157  10:44  Supply Depot x2  
  157  10:46  Supply Depot x2  
  157  10:47  Supply Depot x2  
  157  10:49  Supply Depot  
  157  11:05  Marine x2  
  157  11:06  Marine x2, Marauder, SCV x3, Siege Tank  
  157  11:11  Supply Depot  
  171  11:13  Widow Mine, Supply Depot  
  171  11:14  Command Center  
  171  11:18  SCV x3  
  160  11:23  Marine  
  160  11:24  Marine, Marauder x2  
  163  11:27  Marauder  
  163  11:30  SCV x3  
  149  11:38  Siege Tank  
  133  11:41  Marine x2  
  133  11:42  Widow Mine, SCV x3  
  133  11:45  Marauder x2  
  134  11:49  Marauder  
  136  11:54  SCV x3  
  136  11:59  Marine x2  
  139  12:06  Marauder, SCV x3  
  139  12:07  Marauder  
  148  12:09  Marine  
  148  12:10  Widow Mine, Siege Tank  
  148  12:13  Command Center, Missile Turret x2  
  152  12:17  Marine x2  
  152  12:19  Supply Depot  
  154  12:28  Marine, Marauder x2  
  159  12:33  Supply Depot  
  159  12:35  Barracks  
  161  12:39  Widow Mine  
  161  12:42  Siege Tank  
  164  12:46  Marauder  
  164  12:49  Marine, Marauder  
  171  13:07  Widow Mine  
  171  13:08  Missile Turret, Supply Depot x2  
  171  13:09  Supply Depot  
  171  13:14  Siege Tank  
  171  13:15  Supply Depot x2  
  174  13:21  Terran Infantry Weapons Level 2  
  174  13:22  Terran Infantry Armor Level 2  
  174  13:24  Terran Vehicle Weapons Level 1  
  172  13:31  Missile Turret x2  
  172  13:35  Missile Turret  
  172  13:45  Marine x3, Marauder x3  
  181  13:51  Planetary Fortress  
  181  14:02  Marine  
  181  14:03  Marine x2  
  181  14:07  Marauder x3  
  181  14:09  Medivac x2  
  194  14:20  Marine x2  
  194  14:21  Marine  
  197  14:28  Marauder  
  199  14:38  Marine  
  150  15:18  Terran Vehicle And Ship Armor Level 1  
  150  15:20  Starport  
  150  15:21  Starport  
  150  15:22  Starport  
  150  15:23  Starport  
  150  15:28  Refinery  
  150  15:32  Planetary Fortress, Refinery  
  120  16:05  Marine x3, Marauder  
  120  16:06  Marauder x2  
  125  16:23  Marine x3  
  128  16:27  Marauder x3  
  129  16:40  Marine  
  129  16:41  Marine x2  
  132  16:48  Marauder x3  
  133  16:58  Marine x2  
  133  16:59  Marine  
  131  17:10  Marauder x3  
  136  17:16  Marine x2  
  136  17:17  Marine  
  136  17:20  Starport Tech Lab  
  136  17:21  Starport Tech Lab x3  
  139  17:31  Marauder x3  
  139  17:34  Marine x3  
  148  17:52  Marine x3, Marauder x2  
  148  17:53  Marauder  
  148  17:54  Supply Depot x2  
  148  17:55  Supply Depot  
  148  17:56  Supply Depot  
  148  17:57  Supply Depot x2  
  157  17:59  Supply Depot  
  157  18:01  Fusion Core, Supply Depot  
  157  18:03  Supply Depot  
  157  18:04  Supply Depot x2  
  157  18:05  Supply Depot  
  157  18:10  Marine  
  158  18:14  Marauder x3  
Show
View Real Time Build Order
Export as new Build Order

zidar Zerg 

Build Orders: Hatch First 

Get SALT Encoding   

  12  0:02  Drone  
  13  0:12  Overlord  
  13  0:18  Drone  
  14  0:30  Drone x2  
  14  0:35  Drone  
  17  0:55  Hatchery  
  16  0:57  Drone  
  17  1:13  Spawning Pool  
  16  1:21  Drone x2  
  16  1:25  Extractor, Drone  
  18  1:44  Overlord  
  18  1:55  Drone  
  19  2:05  Queen  
  19  2:07  Queen  
  23  2:13  Drone  
  24  2:23  Drone x3  
  27  2:37  Drone x3  
  27  2:42  Roach Warren  
  28  3:03  Zergling x2  
  28  3:04  Zergling x6  
  32  3:09  Lair  
  32  3:10  Queen  
  34  3:13  Drone x2  
  34  3:18  Extractor  
  35  3:22  Evolution Chamber  
  34  3:30  Evolution Chamber  
  34  3:33  Drone x3  
  36  3:37  Overlord  
  36  3:47  Metabolic Boost  
  36  4:03  Zerg Ground Armor Level 1  
  36  4:19  Drone x6  
  36  4:24  Overlord  
  42  4:27  Hatchery  
  41  4:35  Infestation Pit  
  40  4:41  Extractor x2  
  40  4:43  Roach x2  
  40  4:44  Roach  
  44  4:55  Zerg Melee Weapons Level 1  
  44  5:24  Ravager  
  44  5:25  Ravager  
  44  5:28  Ravager  
  47  5:41  Queen  
  49  5:48  Drone  
  49  5:49  Drone x8  
  58  5:52  Overlord x4  
  57  6:10  Roach x4  
  65  6:12  Roach  
  67  6:39  Hive  
  67  6:41  Zerg Ground Armor Level 2  
  67  6:56  Pneumatized Carapace  
  67  7:17  Roach  
  67  7:18  Roach x4  
  67  7:21  Zerg Melee Weapons Level 2  
  77  7:30  Overseer  
  77  7:34  Zergling x18  
  77  7:35  Zergling x6  
  89  7:56  Ultralisk Cavern  
  88  8:03  Drone  
  89  8:06  Overlord x4  
  89  8:07  Overlord x4  
  89  8:15  Adrenal Glands  
  89  8:39  Hatchery  
  84  8:43  Chitinous Plating  
  84  8:47  Ravager  
  53  9:12  Zerg Ground Armor Level 3  
  53  9:18  Ultralisk  
  53  9:19  Ultralisk  
  65  9:28  Extractor  
  65  9:30  Extractor  
  63  9:32  Queen  
  63  9:37  Zerg Melee Weapons Level 3  
  56  10:00  Hatchery  
  56  10:07  Ultralisk  
  61  10:43  Zergling x4  
  61  10:44  Zergling x8  
  67  11:05  Zergling x28  
  67  11:06  Zergling x6  
  51  11:48  Ultralisk  
  57  12:26  Hatchery  
  45  12:41  Zergling x2  
  45  12:42  Zergling x14  
  53  13:01  Queen  
  55  13:33  Drone x7  
  62  13:37  Drone  
  63  14:16  Ultralisk x2  
  81  14:24  Ultralisk  
  76  14:43  Zergling x6  
  76  14:44  Zergling x10  
  63  15:20  Ultralisk  
  69  15:31  Zergling x10  
  55  16:00  Zergling x2  
  55  16:01  Zergling x12  
  55  16:02  Zergling x2  
  33  16:52  Zergling x2  
  33  16:53  Zergling x20  
  38  17:23  Zergling x2  
  38  17:24  Zergling x12  
  38  17:28  Drone  
  42  17:53  Zergling x10  
  42  17:54  Zergling x2  
Tags
 
Add a new tag
Caveats
  • Supply blocks, unpowered buildings, or Contaminate may cause inaccurate times.
  • Supply counts are checked every 10 seconds.